 Dungeon Crawl Stone Soup version 0.31.0-11-ge490571c62 (webtiles) character file.

Game seed: 15946084138122261601

1536 hawla the Cleaver (level 8, -3/64 HPs)
             Began as a Minotaur Fighter on Feb 2, 2024.
             Was an Initiate of Makhleb.
             Slain by an orc warrior
             ... wielding a +0 flail
              (15 damage)
             ... on level 7 of the Dungeon.
             The game lasted 00:08:46 (3762 turns).

hawla the Cleaver (Minotaur Fighter)                Turns: 3762, Time: 00:08:46

Health: -3/64      AC:  6    Str: 23    XL:     8   Next: 56%
Magic:  7/7        EV:  9    Int:  5    God:    Makhleb [......]
Gold:   218        SH:  4    Dex: 10    Spells: 7/7 levels left

rFire   . . .        a - +0 war axe
rCold   . . .        c - +0 buckler
rNeg    . . .        b - +0 scale mail
rPois   .            (helmet restricted)
rElec   .            (no cloak)
rCorr   .            (no gloves)
SInv    .            (no boots)
Will    .....        l - amulet of the acrobat Stlth
                     (no ring)
HPRegen 0.30/turn    (no ring)
MPRegen 0.10/turn

%: acrobat
@: invisible
A: horns 2, retaliatory headbutt
a: Renounce Religion


You were on level 7 of the Dungeon.
You worshipped Makhleb.
Makhleb was noncommittal.
You visited 2 branches of the dungeon, and saw 7 of its levels.

You collected 218 gold pieces.

Inventory:

Hand Weapons
 a - a +0 war axe (weapon)
Missiles
 e - 9 boomerangs (quivered)
 j - 6 poisoned darts
 q - a throwing net
Armour
 b - a +0 scale mail (worn)
 c - a +0 buckler (worn)
 t - a +0 plate armour
Jewellery
 i - a ring of fire
 l - an amulet of the acrobat (around neck)
Wands
 d - a wand of flame (22)
Scrolls
 g - a scroll of enchant weapon {unknown}
 k - a scroll of torment {unknown}
 r - a scroll of immolation
 s - a scroll of poison {unknown}
 u - a scroll of enchant armour {unknown}
 v - a scroll of identify
Potions
 f - a potion of brilliance {unknown}
 h - 3 potions of curing
 n - a potion of magic {unknown}
 o - a potion of lignification
 p - a potion of mutation {unknown}


   Skills:
 - Level 3.6 Fighting
 + Level 12.9 Axes
 - Level 3.6 Armour
 - Level 3.6 Shields


You had 7 spell levels left.
You didn't know any spells.
Your spell library was empty.

Dungeon Overview and Level Annotations

Branches:
Dungeon (7/15)             Temple (1/1) D:7

Altars:
Ashenzari
Cheibriados
Dithmenos
Elyvilon
Gozag
Hepliaklqana
Kikubaaqudgha
Makhleb
Nemelex Xobeh
Okawaru
Qazlal
Ru
Sif Muna
Trog
Uskayaw
Vehumet
Wu Jian
Xom
Yredelemnul
Zin
The Shining One


Innate Abilities, Weirdness & Mutations

You have a pair of horns on your head.
You reflexively headbutt those who attack you in melee.


Message History

You see here a water moccasin corpse.
You feel sick.
Found a stone staircase leading up.
You feel sick.
You barely miss the orc. You headbutt the orc, but do no damage.
You feel sick. The orc barely misses you. You furiously retaliate!
You headbutt the orc!
You kill the orc!
Makhleb accepts your kill.
Found a scroll of immolation.
You feel sick.
An orc warrior comes into view. It is wielding a +0 flail.
Things that are here:
a +0 flail; a +0 scale mail; an orc corpse You are too injured to fight recklessly!
You feel sick.
You are no longer poisoned.
The orc warrior shouts!
Throw: 9 boomerangs
Press: ? - help, Q - select action, (/) - cycle Shift-Dir - straight line, f - orc warrior
Aim: an orc warrior, wielding a +0 flail and wearing a +0 plate armour (52% to hit)
You throw a boomerang. The boomerang hits the orc warrior.
The orc warrior is lightly wounded.
Throw: 9 boomerangs
Press: ? - help, Q - select action, (/) - cycle Shift-Dir - straight line, f/p - orc warrior
Aim: an orc warrior, wielding a +0 flail and wearing a +0 plate armour (lightly wounded, 52% to hit)
You throw a boomerang.
The boomerang closely misses the orc warrior.
The orc warrior hits you with a +0 flail.
* * * LOW HITPOINT WARNING * * *
You closely miss the orc warrior.
The orc warrior is lightly wounded.
The orc warrior barely misses you. You furiously retaliate!
You headbutt the orc warrior! You hit the orc warrior.
The orc warrior is severely wounded.
The orc warrior hits you with a +0 flail!
* * * LOW HITPOINT WARNING * * *
It was a potion of invisibility.
You fade into invisibility!
An orc wizard comes into view. It is wielding a +0 dagger.
The orc warrior hits you with a +0 flail!
You die...

#.###...#.###.######
# ## ##..#.# #.. #..
#.# ##.##...#.# #
#.. ....#.......#.#
#. #..
#..#...>..#...#
#.####
..?....†.###..#
#..### #..####..##
$.# #...# # ####).#
..# ###.#
#.o@#..##.. #..
#............#..
#..[..
..#o#<....#[...?
#.#### #
#######..... # ....
.... ...


You could see an orc warrior (unable to see you) and an orc wizard (wandering,
unable to see you).

Vanquished Creatures
  Grinder (D:4)
  Sigmund (D:4)
  A basilisk (D:7)
  Duvessa (D:4)
  A water moccasin (D:7)
  A black bear (D:4)
  A phantom (D:4)
  The ghost of Jaukkuri the Ducker, an amateur DEMo of Gozag (D:3)
  A scorpion (D:3)
  Dowan (D:4)
  2 bombardier beetles
  A jelly (D:4)
  2 hounds (D:4)
  2 orc priests
  2 iguanas
  9 adders
  A shadow imp (D:5)
  2 ufetubi (D:5)
  4 dart slugs
  10 orcs
  9 ball pythons
  10 endoplasms
  5 giant cockroaches
  6 goblins
  3 hobgoblins
  10 jackals
  5 kobolds
  2 quokkas
  5 bats
  19 frilled lizards
  4 rats
123 creatures vanquished.

Notes
Turn   | Place    | Note
-------+----------+-------------------------------------------
     0 | D:1      | hawla the Minotaur Fighter began the quest for the Orb.
     0 | D:1      | Reached XP level 1. HP: 19/19 MP: 0/0
    42 | D:1      | Reached skill level 3 in Axes
    48 | D:1      | Reached XP level 2. HP: 16/26 MP: 1/1
   282 | D:1      | Reached skill level 4 in Axes
   396 | D:1      | Reached XP level 3. HP: 31/31 MP: 2/2
   660 | D:2      | Found a faded altar of an unknown god.
   804 | D:2      | Reached skill level 5 in Axes
   835 | D:2      | Reached XP level 4. HP: 39/39 MP: 3/3
   972 | D:2      | Reached skill level 6 in Axes
  1220 | D:3      | Reached XP level 5. HP: 45/45 MP: 4/4
  1458 | D:3      | Found a runed translucent door.
  1459 | D:3      | Noticed Jaukkuri's ghost (amateur DEMo)
  1895 | D:3      | Reached skill level 7 in Axes
  1905 | D:3      | Killed Jaukkuri's ghost
  1906 | D:3      | Reached XP level 6. HP: 23/51 MP: 5/5
  2020 | D:4      | Noticed Duvessa
  2020 | D:4      | Noticed Dowan
  2020 | D:4      | Noticed Grinder
  2034 | D:4      | Reached skill level 8 in Axes
  2090 | D:4      | Reached skill level 9 in Axes
  2152 | D:4      | Reached XP level 7. HP: 32/57 MP: 6/6
  2239 | D:4      | Noticed Sigmund
  2260 | D:4      | HP: 2/57 [something (8)]
  2563 | D:4      | Killed Duvessa
  2564 | D:4      | Reached skill level 10 in Axes
  2568 | D:4      | Killed Dowan
  2586 | D:4      | Paralysed by Grinder for 3 turns
  2593 | D:4      | Killed Grinder
  2594 | D:4      | Reached skill level 11 in Axes
  2965 | D:4      | Killed Sigmund
  2966 | D:4      | Reached XP level 8. HP: 53/64 MP: 7/7
  3178 | D:4      | Reached skill level 12 in Axes
  3400 | D:5      | Entered Level 5 of the Dungeon
  3653 | D:5      | You fall into a shaft and drop 2 floors!
  3701 | D:7      | Found a staircase to the Ecumenical Temple.
  3720 | Temple   | Entered the Ecumenical Temple
  3733 | Temple   | Became a worshipper of Makhleb the Destroyer
  3762 | D:7      | Slain by an orc warrior

Illustrated notes

Levels and vault maps discovered:
D:1:      mrwooster_arrival_arrow, layout_rooms
D:2:      layout_loops_ring, chequers_ecumenical_altar_simple_redux,
          minmay_fractal_squares_gapless_5
D:3:      layout_loops_ring, ebering_ghost_inner_flame
D:4:      layout_rooms, minmay_hedge_maze, minmay_lizard_king, uniq_duvessa,
          uniq_grinder, uniq_sigmund
D:5:      layout_rooms, uniq_pikel
D:7:      layout_basic, lemuel_crystal_altar, minmay_temple_entry_wispy
Temple:   compressed_dpeg_triangle_lava_temple

Skill      XL: |  1  2  3  4  5  6  7  8 |
---------------+-------------------------+-----
Axes           | 3 4 5 6 7 9 11 12 | 12.9
Fighting       | |  3.6
Armour         | |  3.6
Shields        | |  3.6

Action                     |  1- 3 |  4- 6 |  7- 9 || total
---------------------------+-------+-------+-------++-------
  Melee: War axe           |    86 |    81 |   142 ||   309
         Headbutt          |    12 |     6 |    26 ||    44
  Throw: Boomerang         |       |     2 |    11 ||    13
         Dart              |       |     2 |       ||     2
         Throwing net      |       |     1 |       ||     1
  Evoke: Wand              |       |       |     1 ||     1
    Use: Scroll            |       |     5 |     1 ||     6
         Potion            |       |     1 |     3 ||     4
 Armour: Scale mail        |    50 |    72 |    83 ||   205
         Skin              |       |       |     5 ||     5
  Dodge: Dodged            |    37 |    29 |    51 ||   117
  Block: Buckler           |    28 |    16 |    26 ||    70
